 Dungeon Crawl Stone Soup version 0.29.1-4-g47bece8355 (webtiles) character file.

Game seed: 11864490849422857803

854 FexLirch the Skirmisher (level 8, 0/57 (61) HPs)
             Began as a Meteoran Hunter on Dec 6, 2022.
             Slain by an ogre
             ... wielding a +0 giant club
              (15 damage)
             ... on level 5 of the Dungeon on Dec 7, 2022.
             The game lasted 00:21:45 (2137 turns).

FexLirch the Skirmisher (Meteoran Hunter)           Turns: 2137, Time: 00:21:46

HP:   0/57 (61)     AC:  9    Str: 14    XL:     8   Next: 45%
MP:   9/9           EV: 12    Int: 10    God:
Gold: 188           SH:  0    Dex: 19    Spells: 6/7 levels left

rFire   . . .      SeeInvis .   a - +0 shortbow
rCold   . . .      Faith    .   (shield currently unavailable)
rNeg    . . .      Spirit   .   f - +1 leather armour {Will+}
rPois   .          Reflect  .   (no helmet)
rElec   .          Harm     .   (no cloak)
rCorr   .          Rampage  .   d - +0 pair of gloves
Will    ++...                   (no boots)
Stlth   +.........              (no amulet)
HPRegen 0.19/turn               m - +4 ring of protection
MPRegen 0.11/turn               (no ring)

@: attractive, glowing, drained
A: sense surroundings 1, otherworldly, glowing, explore regen
a: no special abilities


You were on level 5 of the Dungeon.
You visited 1 branch of the dungeon, and saw 6 of its levels.

You collected 188 gold pieces.

Inventory:

Hand Weapons
 a - a +0 shortbow (weapon)
 t - a +0 whip of electrocution
Missiles
 w - a throwing net
Armour
 c - a +0 leather armour
 d - a +0 pair of gloves (worn)
 f - a +1 leather armour of willpower (worn)
Jewellery
 m - a +4 ring of protection (left hand)
Scrolls
 b - a scroll of immolation
 e - a scroll of identify {unknown}
 g - 3 scrolls of teleportation {unknown}
 h - 3 scrolls of amnesia {unknown}
 i - a scroll of acquirement {unknown}
 j - 2 scrolls of poison
 n - a scroll of blinking {unknown}
 p - a scroll of fear {unknown}
 q - a scroll of torment {unknown}
 s - a scroll of vulnerability {unknown}
 u - a scroll of noise {unknown}
 x - a scroll of enchant weapon {unknown}
Potions
 k - a potion of magic {unknown}
 l - a potion of degeneration {unknown}
 o - 3 potions of attraction
 r - 3 potions of haste {unknown}
 v - a potion of brilliance {unknown}


   Skills:
 - Level 2.1 Fighting
 + Level 10.5 Ranged Weapons
 - Level 2.4 Dodging
 - Level 0.6 Stealth


You had 6 spell levels left.
You knew the following spells:

 Your Spells              Type           Power      Damage    Failure   Level
a - Sandblast             Erth           0%         2d4       43%         1

Your spell library contained the following spells:

 Spells                   Type           Power      Damage    Failure   Level
 Passwall                 Tmut/Erth      0%         N/A       58%         2
 Stone Arrow              Conj/Erth      0%         3d7       82%         3


Dungeon Overview and Level Annotations

Branches:
Dungeon (6/15) Zot: 1402
 Temple: D:4-7

Altars:
Hepliaklqana

Annotations:
D:4 3 runed translucent doors, Jingleheimer's ghost, amateur TrFi
D:5 Ijyb


Innate Abilities, Weirdness & Mutations

You passively map a small area around you.
You are easily found by Zot.
You glow in the dark.
You regain HP and MP as you explore.


Message History

The black bear is severely wounded.
The black bear bites you.
The black bear claws you but does no damage. x2
The black bear attacks as you move away!
The black bear bites you but does no damage.
The black bear claws you.
The black bear claws you but does no damage.
The necrophage closely misses you. The orc hits you with a +0 club.
The necrophage attacks as you move away!
The necrophage hits you but does no damage.
The orc barely misses you.
You see here a scroll labelled ZIS PIEXETIDINI.
The necrophage attacks as you move away!
The necrophage hits you.
You feel drained.
The black bear attacks as you move away!
The black bear bites you.
The black bear claws you but does no damage. x2
The howler monkey hoots and howls with incredible vigour!
The necrophage attacks as you move away!
The necrophage hits you.
You feel drained.
The black bear attacks as you move away!
The black bear closely misses you. The black bear barely misses you.
The black bear claws you but does no damage.
The black bear attacks as you move away!
The black bear bites you.
* * * LOW HITPOINT WARNING * * *
The black bear claws you but does no damage. x2
The necrophage attacks as you move away!
The necrophage hits you but does no damage.
The black bear attacks as you move away!
The black bear bites you but does no damage.
The black bear claws you but does no damage.
The black bear claws you.
* * * LOW HITPOINT WARNING * * *
It was a potion of attraction.
You feel attractive to monsters.
The black bear bites you but does no damage.
The black bear claws you but does no damage. x2
The ogre hits you with a +0 giant club!
You die...

##.............##...)........# *
##!...........*#......n......
#..........#......##.........
##.........#.......#.........
..... ..###.##..#.....#
#####....# .... ####......##O...#
.........# #..###.#.........o..#
.........####...#Oo........h....#
...........##...@hoh.g.###.n..###
...........###...nn..?..#....##
#.........##.................#
#............................#
##...†<.......................#
...........................####
#...(............)..)......#*
.....#................###.##
...O##................. ### ,


You could see a black bear, an ogre, 2 necrophages, Ijyb, a howler monkey and 2
orcs.

Vanquished Creatures
  An orc warrior (D:4)
  2 phantoms (D:5)
  A kobold brigand (D:6)
  2 scorpions (D:5)
  A howler monkey (D:4)
  An orc priest (D:4)
  2 jellies
  3 orc wizards (D:4)
  3 iguanas (D:4)
  4 adders
  An ufetubus (D:6)
  3 worms (D:2)
  3 dart slugs
  14 orcs
  2 ball pythons
  5 endoplasms
  2 giant cockroaches
  4 hobgoblins
  2 quokkas
  8 bats
  3 frilled lizards (D:2)
  4 goblins
  11 kobolds
  6 rats
88 creatures vanquished.

Vanquished Creatures (others)
  A plant (D:4)
1 creature vanquished.

Grand Total: 89 creatures vanquished

Notes
Turn   | Place    | Note
-------+----------+-------------------------------------------
     0 | D:1      | FexLirch the Meteoran Hunter began the quest for the Orb.
     0 | D:1      | Reached XP level 1. HP: 17/17 MP: 2/2
   119 | D:1      | Reached XP level 2. HP: 21/24 MP: 3/3
   195 | D:1      | Found a faded altar of an unknown god.
   209 | D:1      | Reached skill level 5 in Ranged Weapons
   221 | D:1      | Reached XP level 3. HP: 26/29 MP: 4/4
   896 | D:2      | Reached XP level 4. HP: 34/36 MP: 5/5
   910 | D:2      | Found a hazy altar of Hepliaklqana.
  1003 | D:3      | Reached skill level 6 in Ranged Weapons
  1147 | D:3      | Found a hazy altar of Hepliaklqana.
  1213 | D:3      | Reached XP level 5. HP: 34/41 MP: 6/6
  1220 | D:3      | Learned a level 1 spell: Sandblast
  1553 | D:4      | Reached skill level 7 in Ranged Weapons
  1562 | D:4      | Noticed an orc warrior
  1577 | D:4      | Killed an orc warrior
  1578 | D:4      | Reached XP level 6. HP: 19/48 MP: 7/7
  1585 | D:4      | Reached skill level 8 in Ranged Weapons
  1636 | D:4      | Reached XP level 7. HP: 43/55 MP: 8/8
  1755 | D:4      | Found a runed translucent gate.
  1756 | D:4      | Found a runed translucent gate.
  1757 | D:4      | Found a runed translucent gate.
  1757 | D:4      | Noticed Jingleheimer's ghost (amateur TrFi)
  1919 | D:4      | Reached skill level 9 in Ranged Weapons
  1927 | D:5      | Entered Level 5 of the Dungeon
  1980 | D:6      | Reached XP level 8. HP: 55/61 MP: 9/9
  2005 | D:5      | Noticed Ijyb
  2081 | D:5      | Reached skill level 10 in Ranged Weapons
  2137 | D:5      | Slain by an ogre

Illustrated notes

Levels and vault maps discovered:
D:1:      pf_arrival_petrified_forest, layout_rooms,
          hellmonk_ecumenical_altar_run_dry
D:2:      layout_loops_ring, basic_altar, minivault_11
D:3:      layout_loops_cross, mainiacjoe_overflow_small_starburst
D:4:      layout_basic, gammafunk_ghost_split, chequers_big_river,
          guppyfry_early_orc_mine
D:5:      layout_cave_pools, uniq_ijyb
D:6:      layout_rooms, grunt_temple_overflow_open, st_stairs_2, uniq_sigmund

Skill      XL: |  1  2  3  4  5  6  7  8 |
---------------+-------------------------+-----
Ranged Weapons | 5 6 7 8 9 10 | 10.5
Fighting       | |  2.1
Dodging        | |  2.4
Stealth        | |  0.6

Action                   |  1- 3 |  4- 6 |  7- 9 || total
-------------------------+-------+-------+-------++-------
 Fire: Shortbow          |    99 |   121 |   120 ||   340
  Use: Scroll            |       |       |     1 ||     1
       Potion            |       |       |     1 ||     1
Armor: Leather armour    |    15 |    30 |   134 ||   179
Dodge: Dodged            |    24 |    32 |    95 ||   151
